 Dungeon Crawl Stone Soup version 0.20-a0-1000-g0e8f6bb (webtiles) character file.

679 Hybris the Slasher (level 7, -7/55 HPs)
             Began as a Human Fighter on Apr 12, 2017.
             Was an Initiate of Wu Jian.
             Killed from afar by an orc wizard (9 damage)
             ... with a puff of flame
             ... on level 5 of the Dungeon.
             The game lasted 00:08:43 (4681 turns).

Hybris the Slasher (Human Fighter)                  Turns: 4681, Time: 00:08:43

Health: -7/55      AC: 11    Str: 18    XL:     7   Next: 92%
Magic:  7/7        EV:  7    Int:  9    God:    Wu Jian [......]
Gold:   149        SH: 10    Dex: 12    Spells: 6/6 levels left

rFire    . . .     SeeInvis .   a - +0 long sword
rCold    . . .     Gourm    .   c - +1 shield
rNeg     . . .     Faith    .   b - +0 scale mail
rPois    .         Spirit   .   (no helmet)
rElec    .         Reflect  .   n - +0 cloak
rCorr    .         Harm     .   o - +2 pair of gloves
MR       .....                  (no boots)
Stlth    ..........             (no amulet)
Regen    0.2/turn               (no ring)
MPRegen  0.1/turn               (no ring)

@: very slightly contaminated
A: no striking features
a: Renounce Religion


You were on level 5 of the Dungeon.
You worshipped Wu Jian.
Wu Jian was noncommittal.
You were hungry.

You visited 2 branches of the dungeon, and saw 6 of its levels.

You collected 149 gold pieces.

Inventory:

Hand Weapons
 a - a +0 long sword (weapon)
Missiles
 g - 5 tomahawks of returning
 k - 4 tomahawks (quivered)
Armour
 b - a +0 scale mail (worn)
 c - a +1 shield (worn)
 n - a +0 cloak (worn)
 o - a +2 pair of gloves (worn)
Scrolls
 e - 2 scrolls of fog
 h - a scroll of identify
Potions
 i - 2 potions of curing
 m - a potion of heal wounds {unknown}
 p - a potion of lignification
 q - a potion of magic {unknown}
Comestibles
 d - 2 meat rations
 f - 4 bread rations
 l - a royal jelly
 r - 2 chunks of flesh


   Skills:
 + Level 4.4 Fighting
 * Level 5.4 Long Blades
 + Level 1.4 Throwing
 + Level 4.5 Armour
 + Level 4.6 Shields


You had 6 spell levels left.
You didn't know any spells.

Dungeon Overview and Level Annotations

Branches:
Dungeon (5/15)             Temple (1/1) D:4

Altars:
Ashenzari
Dithmenos
Fedhas
Hepliaklqana
Makhleb
Nemelex Xobeh
Okawaru
Qazlal
Sif Muna
Trog
Vehumet
Wu Jian
Xom
Yredelemnul


Message History

* * * LOW HITPOINT WARNING * * *
The orc priest begins to cast a cantrip, but forgets the words!
You are very lightly contaminated with residual magic.
The orc priest calls upon Beogh to heal something.
The orc priest calls down the wrath of Beogh upon something.
Pain shoots through your body!
* * * LOW HITPOINT WARNING * * *
An orc priest comes into view. It is wielding a club.
You flicker for a moment.
The orc priest shouts!
An orc comes into view.
You flicker back into view.
The orc shouts!
The orc priest looks braver for a moment.
The orc wizard gestures at you while chanting.
The puff of flame hits you!
* * * LOW HITPOINT WARNING * * *
The orc wizard gestures at you while chanting.
The puff of flame hits you!
You die...

#####...#.#####.########.##.#....
######...)................##.#
........#.#####.....o..#..##.###.
######.##>..........##o#....o)...
#.########.###.##.##.##.#### #.#
#.# #o##.##.##o# #.# #.#
#.##.##.##.# #.#
#.###.##.##.##.####
#.########.@....oo..........
#..........###.######.######
############ #.######.#
#........# ##########


You could see an orc priest and an orc wizard.

Vanquished Creatures
  Sigmund (D:5)
  A sky beast (D:5)
  The ghost of Monsterracer the Conjurer, an amateur DECj (D:3)
  A howler monkey (D:5)
  A crimson imp (D:5)
  2 orc priests (D:2)
  An iguana (D:5)
  A worker ant (D:4)
  4 gnolls (D:2)
  6 adders
  A shadow imp (D:5)
  A worm (D:5)
  A dart slug (D:2)
  2 leopard geckos
  5 orcs
  5 bats
  3 giant cockroaches
  10 goblins
  9 hobgoblins
  7 jackals
  7 kobolds
  4 ball pythons
  3 frilled lizards
  7 rats
84 creatures vanquished.

Vanquished Creatures (others)
  4 orcs (D:3)
  A quokka (D:3)
5 creatures vanquished.

Grand Total: 89 creatures vanquished

Notes
Turn   | Place    | Note
-------+----------+-------------------------------------------
     0 | D:1      | Hybris the Human Fighter began the quest for the Orb.
     0 | D:1      | Reached XP level 1. HP: 18/18 MP: 1/1
   153 | D:1      | Reached XP level 2. HP: 15/24 MP: 2/2
   383 | D:1      | Reached XP level 3. HP: 23/29 MP: 3/3
   994 | D:2      | Reached skill level 3 in Long Blades
   994 | D:2      | Reached XP level 4. HP: 35/35 MP: 4/4
  1653 | D:2      | Reached XP level 5. HP: 36/41 MP: 5/5
  1689 | D:3      | HP: 2/41 [orc priest/divine providence (10)]
  2300 | D:3      | Noticed Monsterracer's ghost (amateur DECj)
  2601 | D:3      | Reached XP level 6. HP: 37/48 MP: 6/6
  2810 | D:3      | Killed Monsterracer's ghost
  2810 | D:3      | Reached skill level 4 in Long Blades
  3037 | D:3      | Found a radiant altar of Vehumet.
  3597 | D:4      | Noticed an ogre
  3708 | D:4      | Found a staircase to the Ecumenical Temple.
  3717 | Temple   | Entered the Ecumenical Temple
  3953 | Temple   | Became a worshipper of the Wu Jian Council
  3990 | D:5      | Entered Level 5 of the Dungeon
  4090 | D:5      | Reached XP level 7. HP: 54/54 MP: 7/7
  4534 | D:5      | Noticed Sigmund
  4590 | D:5      | Killed Sigmund
  4590 | D:5      | Reached skill level 5 in Long Blades
  4590 | D:5      | Reached skill level 1 in Throwing
  4680 | D:5      | HP: 2/55 [orc wizard/puff of flame (7)]
  4681 | D:5      | Killed from afar by an orc wizard

Vault maps used:
D:1:      ncdulo_watergridlock
D:3:      fiery_altar_vehumet, first_bread
D:4:      minmay_temple_entry_junction
D:5:      amethyst_overflow_temple_binary, minmay_misc_feat_iff, uniq_sigmund,
          uniq_grinder
Temple:   nicolae_temple_figure_eight

Skill      XL: |  1  2  3  4  5  6  7 |
---------------+----------------------+-----
Long Blades    | 3 4 5 |  5.4
Armour         | 4 |  4.5
Shields        | 4 |  4.6
Fighting       | 4 |  4.4
Throwing       | 1 |  1.4

Action                   |  1- 3 |  4- 6 |  7- 9 || total
-------------------------+-------+-------+-------++-------
Melee: Long sword        |    88 |   178 |    69 ||   335
Throw: Tomahawk          |       |     1 |       ||     1
  Use: Scroll            |       |     7 |       ||     7
       Potion            |       |     1 |     3 ||     4
  Eat: Chunk             |       |    11 |     1 ||    12
Armor: Scale mail        |    46 |    73 |    18 ||   137
       Skin              |       |       |    12 ||    12
Dodge: Dodged            |    18 |    52 |    22 ||    92
Block: Shield            |    42 |    98 |    32 ||   172
       Rpst.: Long sword |     9 |    17 |     2 ||    28
